 Dungeon Crawl Stone Soup version 0.31.0-1-g2c135a008e (webtiles) character file.

Game seed: 1847048528179097154

42 qw the Shooter (level 3, -1/29 HPs)
             Began as a Djinni Hunter on Jan 23, 2024.
             Slain by a goblin
             ... wielding a +0 club
             ... led by Robin
              (3 damage)
             ... on level 1 of the Dungeon.
             The game lasted 00:00:03 (1107 turns).

qw the Shooter (Djinni Hunter)                      Turns: 1107, Time: 00:00:04

Health: -1/29      AC:  3    Str: 10    XL:     3   Next: 80%
Gold:   25         EV: 12    Int: 10    God:
                   SH:  0    Dex: 18

rFire   + + .        a - +0 shortbow
rCold   x . .        (shield currently unavailable)
rNeg    . . .        c - +0 leather armour
rPois   inf          (no helmet)
rElec   .            (no cloak)
rCorr   .            (no gloves)
SInv    .            (boots unavailable)
Will    .....        (no amulet)
Stlth   ++           (no ring)
HPRegen 0.24/turn    (no ring)
MPRegen 0.00/turn

%: infuse magic (-2 HP)
@: flying
A: sickness immunity, fire resistance 2, cold vulnerability 1, float, innate
caster, HP casting, extra vitality 1
a: no special abilities


You were on level 1 of the Dungeon.
You visited 1 branch of the dungeon, and saw 2 of its levels.

You collected 25 gold pieces.


Innate Abilities, Weirdness & Mutations

You are immune to sickness and miasma.
You are immune to poison.
Your flesh is very heat resistant. (rF++)
You are vulnerable to cold. (rC-)
You float through the air rather than walking.
You learn spells naturally, not from books.
Your magical power is your life essence.
You have superior vitality. (+4 MHP)


   Skills:
 + Level 2.7 Fighting
 - Level 4.0 Ranged Weapons
 - Level 2.1 Dodging
 - Level 0.7 Stealth


You knew the following spells:

 Your Spells              Type           Power      Damage    Failure   Level
a - Summon Small Mammal   Summ           0%         N/A       45%         1
Your spell library was empty.

Inventory:

Hand Weapons
 a - a +0 shortbow (weapon)
Armour
 c - a +0 leather armour (worn)
Potions
 e - a potion of enlightenment {unknown}
 f - a potion of mutation {unknown}
 g - a potion of curing {unknown}

Dungeon Overview and Level Annotations

Branches:
Dungeon (2/15)

Altars:

Shops:
D:1 *[

Annotations:
D:2 Robin


Message History

Enter note:
Enter note:
Enter note:
Enter note:
Enter note:
1101 ||| RETREEEEATING.
You shoot an arrow. The arrow closely misses the hobgoblin.
The goblin misses you.
The hobgoblin hits you but does no damage.
The goblin closely misses you. The hobgoblin closely misses you.
The goblin hits you with a +0 club.
1102 ||| RETREEEEATING.
You shoot an arrow. The arrow barely misses the hobgoblin.
The goblin hits you with a +0 club. The hobgoblin misses you.
The goblin closely misses you. The hobgoblin closely misses you.
The goblin misses you. The goblin hits you with a +0 club.
The hobgoblin hits you but does no damage.
The goblin misses you. The hobgoblin hits you. The goblin barely misses you.
1103 ||| RETREEEEATING.
You shoot an arrow. The arrow hits the hobgoblin.
You kill the hobgoblin!
The goblin barely misses you. x2; The hobgoblin closely misses you.
The goblin closely misses you.
You shoot an arrow. The arrow hits the goblin.
The goblin is severely wounded.
The goblin misses you. The goblin hits you but does no damage.
The hobgoblin closely misses you. The goblin hits you with a +0 club.
You shoot an arrow. The arrow barely misses the goblin.
The goblin misses you. The goblin hits you but does no damage.
The hobgoblin barely misses you. The goblin hits you but does no damage.
You shoot an arrow.
The arrow hits the goblin but does no damage.
The goblin is severely wounded.
The goblin hits you but does no damage. The goblin closely misses you.
The goblin barely misses you. The hobgoblin closely misses you.
The goblin hits you with a +0 club. x2; The goblin closely misses you.
The hobgoblin hits you.
You shoot an arrow. The arrow closely misses the goblin.
The goblin hits you with a +0 club. x2; The hobgoblin hits you.
The goblin hits you with a +0 club.
You die...

#.....# #............#......
#.....# #...................
#.....######................
#...#......#.....##...#....#
#...+......+...####..?#....#
#...#......#...####...#....#
###.#......#...'............
#.#.....%#g..#######......
#.#.....g@g...............
#####'#......g..).)...#.......
#.....................#..#####
#........####.....)...+.......
#........#............#[.##...
#........#....####....#..##...
#........#....# #....#..##...
#........#....####....#..##...
#####'####.......#.......##...


You could see a hobgoblin and 3 goblins.

Vanquished Creatures
  A dart slug (D:1)
  3 bats (D:1)
  3 endoplasms (D:1)
  A giant cockroach (D:1)
  5 goblins (D:1)
  8 hobgoblins (D:1)
  4 quokkas (D:1)
  3 ball pythons (D:1)
  A frilled lizard (D:1)
  A kobold (D:1)
  5 rats (D:1)
35 creatures vanquished.

Notes
Turn   | Place    | Note
-------+----------+-------------------------------------------
     0 | D:1      | qw the Djinni Hunter began the quest for the Orb.
     0 | D:1      | Reached XP level 1. HP: 18/18 MP: 0/0
     0 | D:1      | 0 ||| qw: Version: 0.3-a-132-g3d54051
     0 | D:1      | 0 ||| qw: Game counter: 649
     0 | D:1      | 0 ||| qw: Melee chars always use a shield: true
     0 | D:1      | 0 ||| qw: God list: Okawaru
     0 | D:1      | 0 ||| qw: Allow faded altars: false
     0 | D:1      | 0 ||| qw: Do Orc after clearing Dungeon:15 true
     0 | D:1      | 0 ||| qw: Do second Lair branch before Depths: true
     0 | D:1      | 0 ||| qw: Lair rune preference: random
     0 | D:1      | 0 ||| qw: Goals: Normal
     0 | D:1      | 0 ||| PLANNING D:1-11
   123 | D:1      | Reached XP level 2. HP: 23/23 MP: 0/0
   143 | D:1      | Found Reyn's Assorted Antiques.
   152 | D:1      | 152 ||| SHOPLISTING iron ring (160 gold, have 11).
   152 | D:1      | 152 ||| SHOPLISTING scroll labelled FIERENW QOGAE (32 gold,
                  | have 11).
   152 | D:1      | 152 ||| SHOPLISTING scroll labelled MITIHI TUPOGRI (32
                  | gold, have 11).
   152 | D:1      | 152 ||| SHOPLISTING scroll labelled TITRON UFELAE (32 gold,
                  | have 11).
   152 | D:1      | 152 ||| SHOPLISTING scroll labelled YCWEKE CIRIYXT (32
                  | gold, have 11).
   152 | D:1      | 152 ||| SHOPLISTING small bone ring (160 gold, have 11).
   254 | D:1      | Reached skill level 4 in Ranged Weapons
   254 | D:1      | Reached XP level 3. HP: 28/28 MP: 0/0
   254 | D:1      | Learned a level 1 spell: Summon Small Mammal
   511 | D:1      | Found a faded altar of an unknown god.
   709 | D:1      | Found Mepanuda's Antique Armour Boutique.
   716 | D:1      | 716 ||| SHOPLISTING embroidered robe (111 gold, have 25).
   716 | D:1      | 716 ||| SHOPLISTING pair of gloves (135 gold, have 25).
   964 | D:1      | 964 ||| READING scroll labelled NIAVUINIDO.
   965 | D:1      | 965 ||| READING scroll labelled RUWNAA YWKA.
  1066 | D:1      | 1066 ||| READING scroll labelled XOPURE HAMPEU.
  1069 | D:1      | 1069 ||| DROPPING scroll of butterflies.
  1081 | D:2      | Noticed Robin
  1082 | D:2      | 1082 ||| STAIRDANCE
  1099 | D:2      | 1099 ||| STAIRDANCE
  1101 | D:1      | 1101 ||| RETREEEEATING.
  1102 | D:1      | 1102 ||| RETREEEEATING.
  1103 | D:1      | 1103 ||| RETREEEEATING.
  1107 | D:1      | HP: 5/29 [goblin/+0 club[Robin] (3)]
  1107 | D:1      | HP: 2/29 [hobgoblin[Robin] (2)]
  1107 | D:1      | Slain by a goblin

Levels and vault maps discovered:
D:1:      elethiomel_arrival_infinity_welcomes_careful_drivers, layout_basic,
          serial_shops, shop, nicolae_shop_just_a_little_nook,
          chequers_ecumenical_altar_simple
D:2:      layout_basic, uniq_robin

Skill      XL: |  1  2 |
---------------+-------+-----
Ranged Weapons | 4 |  4.0
Fighting       | |  2.7
Dodging        | |  2.1
Stealth        | |  0.7

Action                     || total
---------------------------++-------
   Fire: Shortbow          ||    90
    Use: Scroll            ||     3
 Armour: Leather armour    ||    36
  Dodge: Dodged            ||    36

Table legend:
 A = Non-vault XP
 B = Vault XP
 C = Vault XP percentage of total XP
 D = Non-vault monster count
 E = Vault monster count
 F = Vault count percentage of total count
                 A         B        C        D         E       F
            +---------+---------+-------+---------+---------+-------
      Total |      55 |       6 |   9.8 |      32 |       3 |   8.6
            +---------+---------+-------+---------+---------+-------
        D:1 |      55 |       6 |   9.8 |      32 |       3 |   8.6
            +---------+---------+-------+---------+---------+-------
